 Dungeon Crawl Stone Soup version 0.29.0-4-gdea44cf6ec (webtiles) character file.

Game seed: 7122656890972298275

29 qw the Chopper (level 3, 0/29 HPs)
             Began as a Barachi Chaos Knight on Sept 7, 2022.
             Succumbed to an adder's poison
             ... on level 2 of the Dungeon.
             The game lasted 00:00:22 (996 turns).

qw the Chopper (Barachi Chaos Knight)                Turns: 996, Time: 00:00:23

Health: 0/29       AC:  5    Str: 15    XL:     3   Next: 16%
Magic:  3/3        EV: 10    Int: 12    God:
Gold:   89         SH:  0    Dex: 11    Spells: 2/2 levels left

rFire   . . .      SeeInvis .   Y - +0 hand axe (chaos)
rCold   . . .      Faith    .   (no shield)
rNeg    . . .      Spirit   .   f - +0 ring mail
rPois   .          Reflect  .   (no helmet)
rElec   .          Harm     .   (no cloak)
rCorr   .          Rampage  .   (no gloves)
Will    .....                   (no boots)
Stlth   +.........              (no amulet)
HPRegen 0.09/turn               (no ring)
MPRegen 0.08/turn               (no ring)

@: lethally poisoned (0 -> -10), slow
A: amphibious, slowness 1, strong legs 1, +LOS
a: Hop


You were on level 2 of the Dungeon.
You visited 1 branch of the dungeon, and saw 2 of its levels.

You collected 89 gold pieces.


Innate Abilities, Weirdness & Mutations

You are amphibious.
You cover ground slowly.
You can hop short distances.
You have an extended range of vision and can be seen from far away.


   Skills:
 - Level 3.6 Fighting
 + Level 4.6 Axes
 - Level 2.4 Armour
 - Level 1.1 Dodging


You had 2 spell levels left.
You didn't know any spells.
Your spell library was empty.

Inventory:

Hand Weapons
 a - a +0 mace
 Y - a +0 hand axe of chaos (weapon)
Armour
 f - a +0 ring mail (worn)
Scrolls
 d - a scroll of teleportation {unknown}
Potions
 b - a potion of heal wounds {unknown}
 e - a potion of curing {unknown}
 g - a potion of flight {unknown}
 h - a potion of degeneration {unknown}
 i - a potion of haste {unknown}
Miscellaneous
 c - a piece from Xom's chessboard (15/15)

Dungeon Overview and Level Annotations

Branches:
Dungeon (2/15)

Altars:


Message History

The adder is heavily wounded.
You closely miss the kobold.
You feel sick. The adder completely misses you.
The kobold hits you but does no damage.
You barely miss the adder.
The adder is heavily wounded.
You completely miss the kobold.
You feel sick. The adder bites you. The kobold hits you but does no damage.
The adder bites you but does no damage.
You miss the adder.
The adder is heavily wounded.
You hit the kobold. You freeze the kobold.
You kill the kobold!
You feel sick.
You are no longer poisoned.
The adder misses you.
You barely miss the adder.
The adder is heavily wounded.
The adder bites you but does no damage. The adder bites you.
You are poisoned.
The adder poisons you!
You miss the adder.
The adder is moderately wounded.
You feel sick. The adder bites you.
You are lethally poisoned!
The adder poisons you!
You miss the adder.
The adder is moderately wounded.
You feel very sick. The adder bites you.
You are more poisoned.
The adder poisons you!
You hit the adder but do no damage.
The adder is moderately wounded.
You feel sick. The adder barely misses you.
The adder bites you but does no damage.
You barely miss the adder.
The adder is moderately wounded.
You die...
Xom titters!

.# .# . ##. ### #.( ..#
#.###.# ##.. ..#
##..###.# #.)@#?#.# ##
#...##S##.###########.
#.( #%#...##.......#..
... #l##......#####....
#..
#.#...####.##....... #
#.#
#S##...##......##....
#### .
.S#...#.##.#.#####....
...#
.rB#..##.##....####..#.
##.# #[/ #.#
..............##


You could see an adder.

Vanquished Creatures
  An adder (D:2)
  3 ball pythons (D:1)
  A bat (D:2)
  An endoplasm (D:2)
  4 goblins (D:1)
  2 hobgoblins (D:2)
  2 frilled lizards
  3 kobolds
  2 rats
19 creatures vanquished.

Notes
Turn   | Place    | Note
-------+----------+-------------------------------------------
     0 | D:1      | qw the Barachi Chaos Knight began the quest for the Orb.
     0 | D:1      | Reached XP level 1. HP: 18/18 MP: 1/1
     0 | D:1      | 0 ||| qw: Version: 0.1-a-108-g9e35731
     0 | D:1      | 0 ||| qw: Game counter: 6536
     0 | D:1      | 0 ||| qw: Always use a shield: true
     0 | D:1      | 0 ||| qw: God list: Okawaru
     0 | D:1      | 0 ||| qw: Allow faded altars: false
     0 | D:1      | 0 ||| qw: Do Orc after D:15 true
     0 | D:1      | 0 ||| qw: Do second Lair branch before Depths: true
     0 | D:1      | 0 ||| qw: Lair rune preference: random
     0 | D:1      | 0 ||| qw: Plans: Normal
     0 | D:1      | 0 ||| PLANNING D:1-11
     0 | D:1      | Fell from the grace of Xom
   359 | D:1      | Reached XP level 2. HP: 17/24 MP: 2/2
   510 | D:1      | Reached skill level 4 in Axes
   707 | D:1      | 707 ||| UPGRADING to +0 ring mail.
   717 | D:1      | 717 ||| DROPPING +2 leather armour.
   718 | D:1      | 718 ||| READING scroll labelled MINLIAN QOAHOMN.
   719 | D:1      | 719 ||| READING scroll labelled AFOGHITUIRCH.
   797 | D:2      | 797 ||| DROPPING +0 club.
   983 | D:2      | 983 ||| Stepping ~*~*~tactically~*~*~ (stealth).
   988 | D:2      | Reached XP level 3. HP: 22/29 MP: 3/3
   994 | D:2      | HP: 5/29 [poisoned by an adder]
   996 | D:2      | Succumbed to an adder's poison

Levels and vault maps discovered:
D:1:      ncdulo_lavacross, layout_loops_ring
D:2:      layout_loops_cross, dreamdust_ecumenical_altar_hidden_monk_grotto,
          minmay_vboxes

Skill      XL: |  1  2 |
---------------+-------+-----
Axes           | 4 |  4.6
Fighting       | |  3.6
Armour         | |  2.4
Dodging        | |  1.1

Action                   || total
-------------------------++-------
Melee: Hand axe          ||    55
Invok: Renounce Religion ||     1
  Use: Scroll            ||     2
Armor: Leather armour    ||     9
       Ring mail         ||    10
Dodge: Dodged            ||    22

Table legend:
 A = Non-vault XP
 B = Vault XP
 C = Vault XP percentage of total XP
 D = Non-vault monster count
 E = Vault monster count
 F = Vault count percentage of total count
                 A         B        C        D         E       F
            +---------+---------+-------+---------+---------+-------
      Total |      22 |      20 |  47.6 |      14 |       5 |  26.3
            +---------+---------+-------+---------+---------+-------
        D:1 |      16 |       0 |   0.0 |      11 |       0 |   0.0
        D:2 |       6 |      20 |  76.9 |       3 |       5 |  62.5
            +---------+---------+-------+---------+---------+-------
